Map: King Sejong Station LE

Players

Miszu

  • Race: Terran Terran
  • League: Master

ziA - Winner!

  • Race: Protoss Protoss
  • League: Master

VOD

Have the link to the VOD?

Description

Time

  • Played on: June 27, 2016, 9 a.m.
  • Length: 4:51
Show
View Real Time Build Order
Export as new Build Order

Miszu Terran 

Build Orders: Reaper Expand 

Get SALT Encoding   

  12  0:00  SCV  
  13  0:12  SCV  
  14  0:17  Supply Depot  
  14  0:25  SCV  
  15  0:38  SCV  
  15  0:41  Barracks  
  16  0:44  Refinery  
  16  0:52  SCV  
  17  1:04  SCV  
  18  1:28  Orbital Command  
  18  1:29  Reaper  
  19  1:41  Command Center  
  19  1:52  Supply Depot  
  19  1:55  SCV  
  20  2:06  Barracks Reactor  
  20  2:07  Refinery, SCV  
  21  2:20  SCV  
  21  2:21  Factory  
  22  2:33  SCV  
  23  2:43  Marine x2  
  25  2:45  SCV  
  26  2:53  Orbital Command  
  26  2:57  SCV  
  27  3:01  Marine x2  
  29  3:09  Starport, Factory Tech Lab, SCV  
  30  3:18  Marine  
  30  3:19  Marine, SCV  
  33  3:21  SCV  
  34  3:31  Supply Depot, SCV  
  34  3:33  SCV  
  38  3:36  Marine  
  38  3:38  Marine  
  41  3:41  Widow Mine  
  41  3:43  SCV  
  41  3:45  SCV  
  42  3:51  Medivac  
  42  3:55  Marine, SCV  
  46  3:56  Marine  
  46  3:57  Supply Depot, SCV  
  48  4:07  SCV  
  48  4:09  SCV  
  50  4:10  Command Center  
  50  4:19  SCV  
  50  4:21  SCV  
  55  4:26  Marine x2  
  57  4:31  SCV  
  57  4:34  Engineering Bay x2  
  58  4:43  Barracks  
  58  4:45  Barracks  
Show
View Real Time Build Order
Export as new Build Order

ziA Protoss - Winner!

Build Orders: 1 Gate Expand, Oracle Opening 

Get SALT Encoding   

  12  0:01  Probe (Chrono Boost)  
  13  0:11  Probe (Chrono Boost)  
  14  0:18  Pylon  
  14  0:22  Probe (Chrono Boost)  
  15  0:36  Probe (Chrono Boost)  
  15  0:37  Gateway  
  15  0:41  Assimilator  
  16  0:47  Probe (Chrono Boost)  
  17  0:57  Probe (Chrono Boost)  
  18  1:08  Probe (Chrono Boost)  
  19  1:21  Nexus  
  19  1:33  Cybernetics Core  
  19  1:36  Probe (Chrono Boost)  
  19  1:39  Assimilator  
  20  1:46  Probe (Chrono Boost)  
  21  1:50  Pylon  
  21  1:57  Probe (Chrono Boost)  
  22  2:10  Mothership Core (Chrono Boost)  
  22  2:11  Adept  
  26  2:17  Warp Gate  
  26  2:22  Pylon  
  26  2:28  Probe (Chrono Boost)  
  27  2:35  Probe (Chrono Boost)  
  28  2:39  Probe (Chrono Boost)  
  29  2:46  Probe (Chrono Boost)  
  29  2:49  Stargate, Probe (Chrono Boost)  
  31  2:56  Probe (Chrono Boost)  
  32  3:00  Probe (Chrono Boost)  
  33  3:07  Probe (Chrono Boost)  
  33  3:09  Pylon  
  33  3:10  Probe (Chrono Boost)  
  35  3:17  Probe (Chrono Boost)  
  36  3:20  Stalker  
  36  3:21  Probe (Chrono Boost)  
  39  3:32  Oracle (Chrono Boost)  
  39  3:33  Probe  
  42  3:35  Probe  
  42  3:36  Assimilator  
  42  3:39  Gateway  
  44  3:44  Gateway  
  44  3:50  Probe  
  44  3:51  Probe  
  44  3:55  Pylon  
  46  4:03  Probe  
  46  4:04  Oracle (Chrono Boost), Probe  
  51  4:16  Pylon  
  51  4:19  Probe  
  51  4:20  Robotics Facility  
  51  4:21  Probe  
  53  4:30  Probe  
  53  4:32  Pylon  
  53  4:33  Probe  
  55  4:40  Pylon  
Tags
 
Add a new tag
Caveats
  • Supply blocks, unpowered buildings, or Contaminate may cause inaccurate times.
  • Supply counts are checked every 10 seconds.